 Dungeon Crawl Stone Soup version bcrawl-1.27.6 (webtiles) character file.

Game seed: 11249693366908008850

96148 DogServant the Vexing (level 3, 0/16 HPs)
             Began as a Felid Enchanter on Oct 12, 2020.
             Slain by a worker ant (8 damage)
             ... on level 2 of the Dungeon.
             The game lasted 00:02:48 (1341 turns).

DogServant the Vexing (Felid Enchanter)             Turns: 1341, Time: 00:02:48

Health: 0/16       AC:  1    Str:  4    XL:     3   Next: 22%
Magic:  7/7        EV: 18    Int: 16    God:
Gold:   146        SH:  0    Dex: 17    Spells: 3/6 levels left
                                        Lives:  0   Deaths: 0

rFire    . . .     SeeInvis +     - Teeth and claws (4.7)
rCold    . . .     Gourm    +   (shield unavailable)
rNeg     . . .     Faith    .   (armour unavailable)
rPois    .         Spirit   .   (helmet unavailable)
rElec    .         Reflect  .   o - scarf {clouds}
rCorr    .         Harm     .   (gloves unavailable)
MR       .....                  (boots unavailable)
Stlth    +++.......             f - amulet of the gourmand
HPRegen  0.05/turn              (no ring)
MPRegen  0.10/turn              (no ring)

@: lethally poisoned (0 -> -10), quick
A: very small, no armour, no weapons or thrown items, stealth, claws 1, fangs 3,
see invisible, carnivore, speed 1, shaggy fur 1, slow metabolism 1, sharp paws
a: Evoke Fog


You were on level 2 of the Dungeon.
You were not hungry.

You visited 1 branch of the dungeon, and saw 2 of its levels.

You collected 146 gold pieces.

Inventory:

Armour
 k - a scarf of clouds
 o - a scarf of clouds (worn)
Jewellery
 f - an amulet of the gourmand (around neck)
Scrolls
 a - a scroll of remove curse {unknown}
 b - 3 scrolls of fog
 h - a scroll of noise {unknown}
 j - 2 scrolls of identify
 m - a scroll of immolation {unknown}
Potions
 c - a potion of invisibility
 d - 2 potions of lignification {unknown}
 g - a potion of heal wounds {unknown}
 i - a potion of flight {unknown}
 n - a potion of curing {unknown}
Comestibles
 e - 6 rations {!d}
 l - 2 chunks of flesh


   Skills:
 + Level 2.9 Dodging
 - Level 5.0 Stealth
 + Level 1.4 Unarmed Combat
 - Level 2.4 Spellcasting
 + Level 5.2 Hexes
 + Level 0.8 Ice Magic


You had 3 spell levels left.
You knew the following spells:

 Your Spells              Type           Power        Failure   Level  Hunger
a - Corona                Hex            ###....      2%          1    None
b - Ensorcelled Hibernat  Hex/Ice        ##....       9%          2    ##.....

Your spell library contained the following spells:

 Spells                   Type           Power        Failure   Level  Hunger
 Confuse                  Hex            ###.....     7%          3    ####...
 Tukima's Dance           Hex            ###.....     7%          3    ####...
 Dazzling Orbs            Conj/Hex       ##.....      21%         3    ####...


Dungeon Overview and Level Annotations

Branches:
Dungeon (2/12)

Altars:


Innate Abilities, Weirdness & Mutations

You cannot wear almost all types of armour.
You are incapable of wielding weapons or throwing items.
Your paws allow you to move quietly. (Stealth)
You have sharp claws.
You have razor-sharp teeth.
You have supernaturally acute eyesight. (SInv)
You are carnivorous and can eat meat at any time.
You cover ground quickly.
You are covered in fur. (AC +1)
You have a slow metabolism.
Your sharp claws are effective at attacking unaware monsters.


Message History

The worker ant is almost dead.
The worker ant bites you.
You are poisoned.
The worker ant poisons you!
You scratch the worker ant but do no damage.
The worker ant is almost dead.
You feel sick. The worker ant bites you.
You barely miss the worker ant.
You bite the worker ant, but do no damage.
The worker ant is almost dead.
You feel sick. The worker ant completely misses you.
The worker ant closely misses you.
You barely miss the worker ant.
The worker ant is almost dead.
You feel sick. The worker ant bites you.
You scratch the worker ant but do no damage.
The worker ant is almost dead.
The worker ant bites you!
Ouch! That really hurt!
You die...

#.#.[...#.#.#...#..#
#.#
#.#.#.....#.#...#..#
#.#
#.#.#######>#...#..#
#.#.........#...#..#
#.###########...#..#
................#..##
...##########.#.#...
...# #.#.#.# ...####
#.#.@a# ......#
#.##### ..)...# #..
#.....# ### #.....#
#.....#### #........#
.........# #........#


You could see a worker ant.

Vanquished Creatures
  An adder (D:2)
  A dart slug (D:1)
  A leopard gecko (D:2)
  A bat (D:1)
  3 giant cockroaches
  2 goblins
  A hobgoblin (D:1)
  2 kobolds
  4 quokkas (D:2)
  4 rats
20 creatures vanquished.

Vanquished Creatures (others)
  5 toadstools (D:1)
5 creatures vanquished.

Grand Total: 25 creatures vanquished

Notes
Turn   | Place    | Note
-------+----------+-------------------------------------------
     0 | D:1      | DogServant the Felid Enchanter began the quest for the Orb.
     0 | D:1      | Reached XP level 1. HP: 9/9 MP: 4/4
   496 | D:1      | Reached XP level 2. HP: 13/13 MP: 6/6
   515 | D:1      | Learned a level 2 spell: Ensorcelled Hibernation
   856 | D:2      | Reached skill level 5 in Hexes
  1088 | D:2      | Reached skill level 5 in Stealth
  1333 | D:2      | Reached XP level 3. HP: 16/16 MP: 7/7
  1341 | D:2      | Slain by a worker ant

Skill      XL: |  1  2 |
---------------+-------+-----
Hexes          | 5 |  5.2
Stealth        | 5 |  5.0
Dodging        | |  2.9
Unarmed Combat | |  1.4
Spellcasting   | |  2.4
Ice Magic      | |  0.8

Action                   || total
-------------------------++-------
Melee: Unarmed           ||    70
       Bite              ||     4
 Cast: Corona            ||     1
       Ensorcelled Hiber ||     1
 Stab: Sleeping          ||    12
  Eat: Chunk             ||     4
Armor: Skin              ||     3
Dodge: Dodged            ||    60
